 Dungeon Crawl Stone Soup version 0.27-a0-323-gbd089401bb (webtiles) character file.

Game seed: 5693277185666985532

72 tabyourdongers the Sneak (level 4, -11/44 HPs)
             Began as a Troll Delver on Feb 10, 2021.
             Mangled by a yak (14 damage)
             ... on level 9 of the Dungeon.
             The game lasted 00:00:54 (444 turns).

tabyourdongers the Sneak (Troll Delver)              Turns: 444, Time: 00:00:55

Health: -11/44     AC:  6    Str: 21    XL:     4   Next: 7%
Magic:  3/3        EV: 10    Int:  6    God:
Gold:   80         SH:  0    Dex: 11    Spells: 3/3 levels left

rFire    . . .     SeeInvis .     - Unarmed
rCold    . . .     Faith    .   (no shield)
rNeg     . . .     Spirit   .   a - +0 robe
rPois    .         Reflect  .   (helmet restricted)
rElec    .         Harm     .   (no cloak)
rCorr    .         Rampage  .   (gloves unavailable)
Will     .....                  (boots unavailable)
Stlth    ++........             (no amulet)
HPRegen  0.54/turn              (no ring)
MPRegen  0.08/turn              (no ring)

@: no status effects
A: large, unfitting armour, claws 3, regeneration 1, shaggy fur 1, tough skin 3
a: no special abilities


You were on level 9 of the Dungeon.
You visited 1 branch of the dungeon, and saw 5 of its levels.

You collected 80 gold pieces.

Inventory:

Armour
 a - a +0 robe (worn)
Jewellery
 c - a ring of positive energy {unknown}
Wands
 f - a wand of digging (3)
Scrolls
 b - a scroll of fog
 d - a scroll of fear
 g - a scroll of identify {unknown}
 h - a scroll of random uselessness {unknown}
Potions
 e - a potion of haste


   Skills:
 + Level 2.7 Fighting
 + Level 1.7 Dodging
 + Level 3.4 Stealth
 + Level 2.3 Unarmed Combat


You had 3 spell levels left.
You didn't know any spells.
Your spell library was empty.

Dungeon Overview and Level Annotations

Branches:
Dungeon (9/15)
 Temple: D:4-7         Lair: D:8-11         Orc: D:9-12

Altars:
Wu Jian

Shops:
D:9 [*


Innate Abilities, Weirdness & Mutations

You are too large for most types of armour.
You have claws for hands.
Your natural rate of healing is unusually fast.
You are covered in fur. (AC +1)
You have extremely tough skin. (AC +3)


Message History

You are too injured to fight recklessly!
You are too injured to fight recklessly!
You are too injured to fight recklessly!
You are too injured to fight recklessly!
You are too injured to fight recklessly!
You are too injured to fight recklessly!
You are too injured to fight recklessly!
You are too injured to fight recklessly!
You are too injured to fight recklessly!
You are too injured to fight recklessly!
You are too injured to fight recklessly!
You are too injured to fight recklessly!
You are too injured to fight recklessly!
You are too injured to fight recklessly!
The yak gores you.
There is an open door here.
A yak comes into view.
You barely miss the yak.
The yak bellows!
The yak gores you.
You scratch the yak but do no damage. The yak gores you but does no damage.
You scratch the yak but do no damage. The yak gores you but does no damage.
You claw the yak!
The yak is moderately wounded.
The yak gores you!
* * * LOW HITPOINT WARNING * * *
You barely miss the yak.
The yak is moderately wounded.
The yak closely misses you.
You closely miss the yak.
The yak is moderately wounded.
The yak gores you.
* * * LOW HITPOINT WARNING * * *
You barely miss the yak.
The yak is moderately wounded.
The yak barely misses you.
You claw the yak!
The yak is heavily wounded.
The yak gores you!
You die...

##.# ###.......
######'###.+.......
####.......##.#.......
#..'.......'..#.......
#.......####....... #.Y.....#
#....... ##Y###### #######' #Y#
###. #@# #... #..# ####'## ##.#
#.....# ###+### #.....# ####+####
#.....# #.....# #.......#
####.....# ###..^..#
#.......####..'.....#####.'.....#
'.......'....##.....##....#.....#
#.$.....#######.....'..####.....#


You could see 3 yaks.

Vanquished Creatures
  A hound (D:9)
  An iguana (D:9)
  A howler monkey skeleton (D:9)
  A shadow imp (D:7)
  A quokka skeleton (D:9)
5 creatures vanquished.

Notes
Turn   | Place    | Note
-------+----------+-------------------------------------------
     0 | D:5      | tabyourdongers the Troll Delver began the quest for the
                  | Orb.
     0 | D:5      | Reached XP level 1. HP: 22/22 MP: 0/0
    70 | D:7      | Reached skill level 3 in Stealth
    70 | D:7      | Reached XP level 2. HP: 29/29 MP: 1/1
   151 | D:9      | Found Jaad's General Store.
   165 | D:9      | Reached XP level 3. HP: 19/36 MP: 2/2
   206 | D:9      | Found Pehaohua's Antique Armour Shoppe.
   219 | D:9      | Found an ornate altar of the Wu Jian Council.
   397 | D:9      | Reached XP level 4. HP: 35/44 MP: 3/3
   428 | D:9      | Noticed a yak
   428 | D:9      | Noticed a yak
   436 | D:9      | Noticed a yak
   442 | D:9      | HP: 2/44 [yak (2)]
   444 | D:9      | Mangled by a yak

Illustrated notes

Levels and vault maps discovered:
D:5:      layout_basic, lemuel_doored_altar, minmay_temple_entry_overgrown,
          serial_shops, shop, tgw_sif, uniq_blork_the_orc, uniq_edmund
D:6:      layout_basic, gup_sewer_entry_bowl, chequers_serial_rivers_micro_a
D:7:      layout_loops_ring, grunt_dithmenos_smoke
D:8:      layout_loops_cross, grunt_temple_overflow_holy_war, bloody_trog,
          kennysheep_little_box, uniq_maurice
D:9:      layout_roguey, nzn_wu_jian_contemplation, serial_shops, shop, shop,
          shop, nicolae_shop_competitors_out_of_business

Skill      XL: |  1 |
---------------+----+-----
Stealth        | 3 |  3.4
Fighting       | |  2.7
Dodging        | |  1.7
Unarmed Combat | |  2.3

Action                   |  1- 3 |  4- 6 || total
-------------------------+-------+-------++-------
Melee: Unarmed           |    25 |    12 ||    37
  Use: Scroll            |     1 |       ||     1
 Stab: Sleeping          |     1 |       ||     1
Armor: Robe              |    10 |     2 ||    12
Dodge: Dodged            |    16 |     2 ||    18

Table legend: (Time is in decaauts)
 A = Elapsed time spent in this place.
 B = Non-inter-level travel time spent in this place.
 C = Inter-level travel time spent in this place.
 D = Time resting spent in this place.
 E = Time spent auto-exploring this place.
 F = Levels seen in this place.
 G = Mean time per level.
                   A        B        C        D        E       F      G
               +--------+--------+--------+--------+--------+-----+--------+
         Total |    441 |    414 |     27 |      0 |    289 |   5 |   88.2 |
       Dungeon |    441 |    414 |     27 |      0 |    289 |   5 |   88.2 |
               +--------+--------+--------+--------+--------+-----+--------+

Top non-repeatable levels by time:
     D:9: 346 daAuts
     D:6: 53 daAuts
     D:7: 26 daAuts
     D:8: 13 daAuts
     D:5: 1 daAuts
